 Dungeon Crawl Stone Soup version 0.17.0-22-g5edae84 (webtiles) character file.

166 Rationalist the Skirmisher (level 5, -1/63 HPs)
             Began as a Demonspawn Berserker on Nov 13, 2015.
             Was a Believer of Trog.
             Slain by an orc wizard
             ... wielding a +0 dagger
              (4 damage)
             ... on level 3 of the Dungeon.
             The game lasted 00:04:33 (3885 turns).

Rationalist the Skirmisher (Demonspawn Berserker)   Turns: 3885, Time: 00:04:33

Health: -1/63      AC:  4    Str: 23    XL:     5   Next: 22%
Magic:  14/14      EV: 13    Int:  8    God:    Trog [**....]
Gold:   173        SH:  0    Dex: 13    Spells: 0 memorised, 4 levels left

rFire  . . .     SeeInvis .     a - +0 hand axe
rCold  + . .     Clarity  .     b - +0 animal skin
rNeg   . . .     SustAt   .     (no shield)
rPois  .         Gourm    .     (no helmet)
rElec  .         Spirit   .     (no cloak)
rCorr  .         Warding  .     (no gloves)
rMut   .         Stasis   .     (no boots)
MR     ++...                    (no amulet)
Stlth  ..........               n - ring of ice
                                k - ring of magical power

@: berserking, very slightly contaminated, regenerating, hasted, very quick,
very resistant to hostile enchantments, extremely unstealthy
A: slimy green scales 1, fire resistance 1, nightstalker 1, flame cloud immunity
a: Berserk, Trog's Hand, Burn Spellbooks, Renounce Religion


You were on level 3 of the Dungeon.
You worshipped Trog.
Trog was pleased with you.
You were not hungry.

You visited 1 branch of the dungeon, and saw 3 of its levels.

You collected 173 gold pieces.

Inventory:

Hand Weapons
 a - a +0 hand axe (weapon)
Missiles
 o - 22 poisoned needles
 w - 18 sling bullets
Armour
 b - a +0 animal skin (worn)
Jewellery
 k - a ring of magical power (left hand)
 n - a ring of ice (right hand)
Scrolls
 d - 2 scrolls of random uselessness {unknown}
 e - a scroll of blinking {unknown}
 f - 2 scrolls of teleportation {unknown}
 h - 3 scrolls of remove curse {unknown}
 j - a scroll of recharging {unknown}
 m - a scroll of enchant weapon {unknown}
 s - a scroll of identify {unknown}
 u - a scroll of fear {unknown}
Potions
 g - 2 potions of flight {unknown}
 i - a potion of invisibility {unknown}
 l - a potion of heal wounds {unknown}
 p - a potion of curing {unknown}
 q - a potion of lignification {unknown}
 r - a potion of might {unknown}
 t - a potion of haste
 v - 2 potions of cancellation {unknown}
Comestibles
 c - 2 bread rations
 x - a chunk of flesh


   Skills:
 + Level 4.1 Fighting
 + Level 3.3 Axes
 + Level 1.8 Armour
 + Level 3.4 Dodging
 + Level 1.2 Stealth


You had 4 spell levels left.
You didn't know any spells.

Dungeon Overview and Level Annotations

Branches:
Dungeon (3/15)

Altars:
Ashenzari
Elyvilon
Gozag
Makhleb
Zin


Innate Abilities, Weirdness & Mutations

You are partially covered in slimy green scales (AC +2).
Your flesh is heat resistant.
You are slightly more attuned to the shadows.
You are immune to clouds of flame.


Message History

A puff of flame appears from out of thin air!
The puff of flame hits you!
You slash something! Something hits you.
* * * LOW HITPOINT WARNING * * *
Something hits you.
* * * LOW HITPOINT WARNING * * *
You hit something. Something hits you but does no damage.
Drink which item? (? for menu, Esc to quit)
It was a potion of haste.
You feel yourself speed up. Something hits you.
* * * LOW HITPOINT WARNING * * *
You are very lightly contaminated with residual magic.
Your skin crawls.
You feel resistant to hostile enchantments.
You feel slightly more hungry.
A red film seems to cover your vision as you go berserk!
You feel yourself moving faster!
You feel mighty!
You feel quite a bit more hungry. Something hits you.
* * * LOW HITPOINT WARNING * * *
You miss something. Something hits you.
You die...

#####.#.#.#..#.#.
#.#.#.#..# #.#.#.#..#.#
##.#...#..#.#
#.........#.#
#........)#.#
#.........#o# ####
#.........#{# ...#
#.........#@# ###
...###.......#.#)##...#
.....).......#+#.....%.
.....รท..####......#...#
##......# #...........
#.......# #....(...###
#.......# #........#
#.....^.# ##.......#
#......## #.......#


You could see an orc.

Vanquished Creatures
  Ijyb (D:3)
  Jessica (D:3)
  Terence (D:3)
  3 adders
  3 orcs (D:3)
  3 ball pythons
  6 bats
  2 giant cockroaches
  6 goblins
  3 hobgoblins
  6 jackals (D:2)
  A giant gecko (D:2)
  2 giant newts
  11 kobolds
  7 rats
56 creatures vanquished.

Notes
Turn   | Place    | Note
--------------------------------------------------------------
     0 | D:1      | Rationalist the Demonspawn Berserker began the quest for the Orb.
     0 | D:1      | Reached XP level 1. HP: 18/18 MP: 1/1
  1133 | D:1      | Gained mutation: Your flesh is heat resistant. [demonic ancestry]
  1133 | D:1      | Reached XP level 2. HP: 24/24 MP: 2/2
  1948 | D:2      | Found a shattered altar of Ashenzari.
  1953 | D:2      | Saw a vision of the Shoals and the Spider Nest.
  1953 | D:2      | Noticed a wolf spider
  1953 | D:2      | Noticed a spider
  1953 | D:2      | Noticed a wolf spider
  1953 | D:2      | Noticed a hippogriff
  1953 | D:2      | Noticed a siren
  1953 | D:2      | Noticed a siren
  1953 | D:2      | Noticed a centaur
  1954 | D:2      | Noticed a wasp
  1955 | D:2      | Noticed a merfolk
  1956 | D:2      | Noticed a redback
  2122 | D:2      | Found an opulent altar of Gozag.
  2124 | D:2      | Found a shattered altar of Ashenzari.
  2200 | D:2      | Found a glowing silver altar of Zin.
  2217 | D:2      | Gained mutation: You are partially covered in slimy green scales (AC +2). [demonic ancestry]
  2217 | D:2      | Reached XP level 3. HP: 29/29 MP: 3/3
  2259 | D:2      | Reached ** piety under Trog
  3195 | D:2      | Found a white marble altar of Elyvilon.
  3202 | D:2      | Found a burning altar of Makhleb.
  3270 | D:3      | Gained mutation: You are slightly more attuned to the shadows. [demonic ancestry]
  3270 | D:3      | Reached XP level 4. HP: 12/37 MP: 4/4
  3460 | D:3      | Noticed Terence
  3469 | D:3      | Killed Terence
  3603 | D:3      | Noticed Ijyb
  3606 | D:3      | Reached skill level 1 in Stealth
  3642 | D:3      | Killed Ijyb
  3642 | D:3      | Reached skill level 4 in Fighting
  3745 | D:3      | Noticed Jessica
  3765 | D:3      | Killed Jessica
  3765 | D:3      | Gained mutation: You are immune to clouds of flame. [demonic ancestry]
  3765 | D:3      | Reached XP level 5. HP: 33/42 MP: 5/5
  3882 | D:3      | HP: 2/42 [something (3)]
  3885 | D:3      | Slain by an orc wizard

Action                   |  1- 3 |  4- 6 || total
-------------------------+-------+-------++-------
Melee: Hand axe          |   158 |    91 ||   249
Invok: Berserk           |     1 |     4 ||     5
       Trog's Hand       |       |     1 ||     1
  Use: Potion            |       |     1 ||     1
 Stab: Sleeping          |     2 |     1 ||     3
  Eat: Chunk             |     8 |     3 ||    11
       Bread ration      |       |     1 ||     1
